AoeStats
← Tomato

Arabia

506362586Analyzed
4v4 RM · 19d ago on Sep 13, 2026· 20m 11s· 8 players
Game mode
Random Map
Map size
Large (8 player)
Population
200
Speed
Normal
Resources
Standard
Victory
Conquest
Starting age
Dark Age
Ending age
Imperial Age
RankedLock teamsTeams togetherTeam positionsShared explorationLock speedFull tech treeHidden civsTurbo modeCheats
Victory
Defeat
🇿🇦 Khitans · South Africa
1381
+13
🇨🇳 Italians · China
1377
+13
🇳🇱 Wei · Netherlands
1347
+15
🇸🇪 Vietnamese · Sweden
1338
+15
🇭🇰 Ethiopians · Hong Kong SAR China
1366
-15
🇭🇰 Mongols · Hong Kong SAR China
1331
-15
🇨🇳 Ethiopians · China
1291
-13
🇮🇳 Poles · India
1286
-13
Tomato
6:25 Loom
9:47 Feudal Age
11:49 Double-Bit Axe
11:47 Horse Collar
13:29 Wheelbarrow
14:46 Scale Barding Armor
14:51 Forging
18:16 Bloodlines
Squirrel of DEATH
9:14 Feudal Age
8:21 Loom
10:06 Double-Bit Axe
10:06 Horse Collar
14:35 Fletching
19:31 Padded Archer Armor
20:18 Wheelbarrow
xinyuan.zhao22
5:37 Loom
8:30 Feudal Age
9:27 Double-Bit Axe
14:49 Fletching
Karoliusw06
5:26 Loom
8:36 Feudal Age
10:16 Double-Bit Axe
10:42 Domestication
17:37 Forging
19:13 Scale Barding Armor
22:22 Castle Age
20:38 Gold Mining
VedtheAssasin
8:30 Loom
10:54 Feudal Age
11:28 Double-Bit Axe
13:58 Bloodlines
13:38 Horse Collar
14:05 Scale Barding Armor
20:00 Wheelbarrow
Koalajoey
5:27 Loom
6:38 Loom
8:45 Feudal Age
9:28 Double-Bit Axe
16:02 Horse Collar
18:21 Wheelbarrow
22:31 Castle Age
20:56 Bloodlines
巨疯捣蛋车
6:49 Loom
9:26 Feudal Age
11:31 Double-Bit Axe
12:18 Town Watch
12:18 Horse Collar
crazy ant
6:45 Loom
9:15 Feudal Age
9:57 Double-Bit Axe
14:59 Fletching
15:28 Padded Archer Armor
17:11 Wheelbarrow
17:10 Horse Collar
Connection lost

Rejoining the realm…

Still unreachable

The connection could not be restored.

Session expired

The server has moved on; the page needs a fresh start.